 Dungeon Crawl Stone Soup version 0.30-b1-2-g02819fbbbe (webtiles) character file.

Game seed: 11324571707340342302

5 Alarkh the Vexing (level 1, 0/15 HPs)
             Began as a Demonspawn Hexslinger on July 8, 2023.
             Slain by a kobold
             ... wielding a +0 club
              (1 damage)
             ... on level 1 of the Dungeon.
             The game lasted 00:00:17 (139 turns).

Alarkh the Vexing (Demonspawn Hexslinger)            Turns: 139, Time: 00:00:18

Health: 0/15       AC:  2    Str: 10    XL:     1   Next: 66%
Magic:  2/2        EV: 12    Int: 14    God:
Gold:   0          SH:  0    Dex: 13    Spells: 1/2 levels left

rFire   . . .        a - +1 sling
rCold   . . .        (no shield)
rNeg    . . .        c - +0 robe
rPois   .            (no helmet)
rElec   .            (no cloak)
rCorr   .            (no gloves)
SInv    .            (no boots)
Will    .....        (no amulet)
Stlth   +            (no ring)
HPRegen 0.22/turn    (no ring)
MPRegen 0.08/turn

%: no passive effects
@: no status effects
A: no striking features
a: no special abilities


You were on level 1 of the Dungeon.
You visited 1 branch of the dungeon, and saw 1 of its levels.

Inventory:

Hand Weapons
 a - a +1 sling (weapon)
Armour
 c - a +0 robe (worn)
Scrolls
 b - a scroll of poison


   Skills:
 + Level 1.2 Fighting
 * Level 2.1 Ranged Weapons
 - Level 1.7 Dodging
 - Level 1.0 Spellcasting
 - Level 3.0 Hexes


You had one spell level left.
You knew the following spells:

 Your Spells              Type           Power      Damage    Failure   Level
a - Slow                  Hex            36%        N/A       8%          1

Your spell library contained the following spells:

 Spells                   Type           Power      Damage    Failure   Level
 Inner Flame              Hex/Fire       4%         N/A       38%         3
 Portal Projectile        Hex/Tloc       8%         N/A       38%         3
 Cause Fear               Hex            4%         N/A       58%         4


Dungeon Overview and Level Annotations

Branches:
Dungeon (1/15)

Altars:


Message History

You shoot a sling bullet.
The sling bullet barely misses the quokka.
The quokka bites you. x2
You shoot a sling bullet.
The sling bullet closely misses the quokka.
The quokka bites you.
You shoot a sling bullet.
The sling bullet barely misses the quokka.
The quokka bites you but does no damage.
The quokka bites you.
* * * LOW HITPOINT WARNING * * *
You are too injured to fight recklessly!
You aren't carrying any potions.
Okay, then.
You shoot a sling bullet.
The sling bullet barely misses the quokka.
The quokka completely misses you. The quokka bites you.
* * * LOW HITPOINT WARNING * * *
You shoot a sling bullet. The sling bullet hits the quokka!
You kill the quokka!
The kobold throws a stone.
The stone hits you but does no damage.
Fire: a) +1 sling
Press: ? - help, Q - select action, (/) - cycle Shift-Dir - straight line, f - kobold
Aim: a kobold, wielding a +0 club and quivering stones (47% to hit)
You shoot a sling bullet. The sling bullet hits the kobold.
The kobold is moderately wounded.
You shoot a sling bullet.
The sling bullet hits the kobold but does no damage.
The kobold is moderately wounded.
The kobold closely misses you.
You shoot a sling bullet.
The sling bullet barely misses the kobold.
The kobold hits you with a +0 club.
* * * LOW HITPOINT WARNING * * *
The kobold hits you with a +0 club.
* * * LOW HITPOINT WARNING * * *
You shoot a sling bullet.
The sling bullet barely misses the kobold.
The kobold hits you with a +0 club.
You die...

#.# #.#
#.# #.#
#.# #.#
#.#
#.#####
#..@K.#
#####.#
.....K..#
#########


You could see a kobold.

Vanquished Creatures
  2 ball pythons (D:1)
  A kobold (D:1)
  A quokka (D:1)
  A rat (D:1)
5 creatures vanquished.

Vanquished Creatures (others)
  2 plants (D:1)
2 creatures vanquished.

Grand Total: 7 creatures vanquished

Notes
Turn   | Place    | Note
-------+----------+-------------------------------------------
     0 | D:1      | Alarkh the Demonspawn Hexslinger began the quest for the
                  | Orb.
     0 | D:1      | Reached XP level 1. HP: 15/15 MP: 2/2
   139 | D:1      | Slain by a kobold

Illustrated notes

Levels and vault maps discovered:
D:1:      roderic_crop_circles_arrival_small, layout_basic, serial_shops, shop,
          shop_fountains, nicolae_lakefront_shop

Skill      XL: |  1 |
---------------+----+-----
Ranged Weapons | 2 |  2.1
Fighting       | |  1.2
Dodging        | |  1.7
Spellcasting   | |  1.0
Hexes          | |  3.0

Action                     || total
---------------------------++-------
   Fire: Sling             ||    25
 Armour: Robe              ||     3
  Dodge: Dodged            ||     4
